 Dungeon Crawl Stone Soup version 0.27.0-1-g7a089689b8 (console) character file.

Game seed: 6724959195082823797

33 jejorda2 the Slasher (level 3, -2/22 HPs)
             Began as a Deep Elf Chaos Knight on July 31, 2021.
             Was a Plaything of Xom.
             Slain by a gnoll (9 damage)
             ... on level 1 of the Dungeon.
             The game lasted 00:01:56 (802 turns).

jejorda2 the Slasher (Deep Elf Chaos Knight)         Turns: 802, Time: 00:01:56

Health: -2/22      AC:  8    Str: 10    XL:     3   Next: 12%
Magic:  5/5        EV:  4    Int: 16    God:    Xom [......]
Gold:   74         SH:  0    Dex: 14    Spells: 2/2 levels left

rFire    . . .     SeeInvis .   a - +0 long sword
rCold    . . .     Faith    .   (no shield)
rNeg     . . .     Spirit   .   d - +0 chain mail
rPois    .         Reflect  .   (no helmet)
rElec    .         Harm     .   (no cloak)
rCorr    .         Rampage  .   (no gloves)
Will     .....                  (no boots)
Stlth    ..........             (no amulet)
HPRegen  0.07/turn              (no ring)
MPRegen  0.09/turn              (no ring)

@: no status effects
A: no striking features
a: Renounce Religion


You were on level 1 of the Dungeon.
You worshipped Xom.
You were a very special plaything of Xom.
You visited 1 branch of the dungeon, and saw 1 of its levels.

You collected 74 gold pieces.

Inventory:

Hand Weapons
 a - a +0 long sword (weapon)
Armour
 b - a +2 leather armour
 d - a +0 chain mail (worn)
Scrolls
 c - a scroll of identify {unknown}
 e - 3 scrolls of fog {unknown}
 f - 2 scrolls of immolation {unknown}


   Skills:
 + Level 2.7 Fighting
 * Level 3.3 Long Blades
 + Level 1.3 Armour
 - Level 2.4 Dodging


You had 2 spell levels left.
You didn't know any spells.
Your spell library contained the following spells:

 Spells                   Type           Power      Damage    Failure   Level
 Freeze                   Ice            0%         1d3       100%        1
 Frozen Ramparts          Ice            0%         1d2       100%        3
 Hailstorm                Conj/Ice       0%         3d3       100%        4


Dungeon Overview and Level Annotations

Branches:
Dungeon (1/15)

Altars:


Message History

A dart slug comes into view.
The hobgoblin barely misses you.
You closely miss the hobgoblin.
The hobgoblin hits you but does no damage.
You hit the hobgoblin.
The hobgoblin is severely wounded.
The hobgoblin hits you but does no damage.
You hit the hobgoblin.
The hobgoblin is almost dead.
The hobgoblin hits you but does no damage.
You closely miss the hobgoblin.
The hobgoblin is almost dead.
The hobgoblin hits you. x2
You hit the hobgoblin.
You kill the hobgoblin!
The dart slug bites you.
You see here a hobgoblin corpse.
You hit the dart slug.
The dart slug is heavily wounded.
The dart slug bites you.
You slash the dart slug!
You kill the dart slug!
No target in view!
No target in view!
You see here a dart slug corpse.
A gnoll comes into view. It is wielding a +0 flail.
The gnoll shouts!
You see here a scroll labelled DEFRIRUDYWI.
A ball python comes into view.
The ball python hisses angrily.
A frilled lizard comes into view.
You see here a scroll labelled DEFRIRUDYWI.
f - 2 scrolls labelled DEFRIRUDYWI (gained 1)
The frilled lizard hisses angrily.
You hit the gnoll but do no damage. The gnoll hits you with a +0 flail!
You barely miss the gnoll. The gnoll hits you with a +0 flail. x2
You slash the gnoll!
The gnoll is severely wounded.
The gnoll hits you with a +0 flail!
You die...

#.# #..# #.######## #..#
#........###### #l.#
#..#####......# #..#
#..# ######.# #S.# #..#
#.# #g.# #..# #†# #..#
#..# #†######..#
##..##### #..@gSl...#
..............########.#
###.#########. .# ....#
#. .# ##### ## ##


You could see a gnoll, a ball python and a frilled lizard.

Vanquished Creatures
  2 dart slugs (D:1)
  A ball python (D:1)
  3 bats (D:1)
  2 endoplasms (D:1)
  A giant cockroach (D:1)
  2 goblins (D:1)
  3 hobgoblins (D:1)
  4 jackals (D:1)
  A quokka (D:1)
  3 frilled lizards (D:1)
  2 kobolds (D:1)
  2 rats (D:1)
26 creatures vanquished.

Notes
Turn   | Place    | Note
-------+----------+-------------------------------------------
     0 | D:1      | jejorda2 the Deep Elf Chaos Knight began the quest for the
                  | Orb.
     0 | D:1      | Reached XP level 1. HP: 13/13 MP: 3/3
    29 | D:1      | Reached skill level 1 in Armour
    36 | D:1      | Reached skill level 3 in Long Blades
    36 | D:1      | Reached XP level 2. HP: 18/18 MP: 4/4
    66 | D:1      | Found a faded altar of an unknown god.
   277 | D:1      | XOM: summons 4 hostile shadow creatures
   551 | D:1      | XOM: swap monsters
   632 | D:1      | Reached XP level 3. HP: 22/22 MP: 5/5
   802 | D:1      | Slain by a gnoll

Illustrated notes

Levels and vault maps discovered:
D:1:      dpeg_arrival_tiny_d, layout_loops_ring, basic_ecumenical_altar

Skill      XL: |  1 |
---------------+----+-----
Armour         | 1 |  1.3
Long Blades    | 3 |  3.3
Fighting       | |  2.7
Dodging        | |  2.4

Action                   || total
-------------------------++-------
Melee: Long sword        ||    84
 Stab: Sleeping          ||     1
Armor: Leather armour    ||    23
       Chain mail        ||    20
Dodge: Dodged            ||    44
       Rpst.: Long sword ||    15
